 Dungeon Crawl Stone Soup version 0.25-a0-547-g27a0b5d1ef (webtiles) character file.

Game seed: 7623918020546012463, levelgen mode: deterministic

60 Esekla the Magician (level 3, -5/19 HPs)
             Began as a Deep Elf Wizard on Feb 22, 2020.
             Slain by Grinder (7 damage)
             ... on level 3 of the Dungeon.
             The game lasted 00:10:56 (1668 turns).

Esekla the Magician (Deep Elf Wizard)               Turns: 1668, Time: 00:10:56

Health: -5/19      AC:  2    Str:  5    XL:     3   Next: 80%
Magic:  1/12       EV: 13    Int: 32    God:
Gold:   92         SH:  0    Dex: 13    Spells: 4/13 levels left

rFire    . . .     SeeInvis .   h - +0 short sword
rCold    . . .     Gourm    .   (no shield)
rNeg     . . .     Faith    .   a - +0 robe
rPois    .         Spirit   .   b - +0 hat
rElec    .         Reflect  .   (no cloak)
rCorr    .         Harm     .   (no gloves)
MR       .....                  (no boots)
Stlth    ++........             (no amulet)
HPRegen  0.06/turn              i - +2 ring of intelligence
MPRegen  0.13/turn              m - +3 ring of intelligence

@: brilliant
A: no striking features
a: no special abilities


You were on level 3 of the Dungeon.
You were not hungry.

You visited 1 branch of the dungeon, and saw 3 of its levels.

You collected 92 gold pieces.

Inventory:

Hand Weapons
 h - a +0 short sword (weapon)
Missiles
 n - 2 javelins (quivered)
Armour
 a - a +0 robe (worn)
 b - a +0 hat (worn)
Jewellery
 i - a +2 ring of intelligence (left hand)
 m - a +3 ring of intelligence (right hand)
 q - an uncursed ring of teleportation
Scrolls
 f - a scroll of teleportation {unknown}
 g - a scroll of identify
 j - 3 scrolls of remove curse
 k - a scroll of immolation {unknown}
 p - a scroll of blinking {unknown}
Potions
 c - 2 potions of flight
 l - a potion of lignification {unknown}
 o - a potion of cancellation {unknown}
Comestibles
 d - 2 rations
 r - a chunk of flesh


   Skills:
 + Level 2.8 Dodging
 - Level 2.4 Stealth
 * Level 5.8 Spellcasting
 * Level 1.9 Conjurations
   Level 1.1 Summonings
 * Level 1.5 Translocations
 * Level 0.2 Air Magic
 * Level 0.1 Poison Magic


You had 4 spell levels left.
You knew the following spells:

 Your Spells              Type           Power        Failure   Level  Hunger
a - Magic Dart            Conj           ####         1%          1    None
b - Blink                 Tloc           N/A          1%          2    None
c - Mephitic Cloud        Conj/Pois/Air  ####....     1%          3    None
f - Conjure Flame         Conj/Fire      ####....     1%          3    None

Your spell library contained the following spells:

 Spells                   Type           Power        Failure   Level  Hunger
 Call Imp                 Summ           #####...     1%          2    None
 Slow                     Hex            ####....     1%          2    None


Dungeon Overview and Level Annotations

Branches:
Dungeon (3/15)

Altars:

Annotations:
D:2 Terence
D:3 Grinder


Message History

Okay, then.
You barely miss the adder.
The adder is moderately wounded.
The adder barely misses you. The adder bites you.
You strike the helpless adder from behind!
You hit the adder.
The adder is heavily wounded.
Grinder gestures at you. Pain shoots through your body!
* * * LOW HITPOINT WARNING * * *
Grinder blinks!
As you read the scroll labeled BITHRO IM WAHU, it crumbles to dust.
It is a scroll of identify.
c - 2 potions of flight Grinder grins, showing sharp teeth.
Grinder blinks!
It was a potion of brilliance.
You feel clever all of a sudden. Grinder hits you!
You die...

#########
#.......# ###
#.......#
...####.......#
≈.............#
≈≈.......@....#
≈.....§.5S#####
≈≈≈≈≈≈....#
≈§≈≈≈≈≈≈..#
§≈§≈≈≈≈≈###
§≈≈≈≈≈≈....5.>.
§§§§≈≈..#######
≈§≈≈.?..
§§≈.....


You could see Grinder and an adder (confused).

Vanquished Creatures
  3 adders
  A dart slug (D:1)
  A leopard gecko (D:2)
  A ball python (D:2)
  2 bats (D:1)
  2 hobgoblins
  4 jackals (D:1)
  6 kobolds
  2 frilled lizards
  5 goblins
  3 rats
30 creatures vanquished.

Vanquished Creatures (others)
  5 toadstools (D:1)
5 creatures vanquished.

Grand Total: 35 creatures vanquished

Notes
Turn   | Place    | Note
-------+----------+-------------------------------------------
     0 | D:1      | Esekla the Deep Elf Wizard began the quest for the Orb.
     0 | D:1      | Reached XP level 1. HP: 10/10 MP: 7/7
   312 | D:1      | Reached skill level 5 in Spellcasting
   312 | D:1      | Reached XP level 2. HP: 4/15 MP: 5/10
   516 | D:1      | Learned a level 2 spell: Blink
   978 | D:1      | Reached XP level 3. HP: 16/19 MP: 4/12
   983 | D:1      | Learned a level 3 spell: Mephitic Cloud
   987 | D:1      | Learned a level 3 spell: Conjure Flame
  1615 | D:2      | Noticed Terence
  1656 | D:2      | You fall into a shaft and drop 1 floor!
  1659 | D:3      | Noticed Grinder
  1668 | D:3      | Slain by Grinder

Levels and vault maps discovered:
D:1:      ldierk_walled_garden, layout_basic
D:2:      layout_basic, uniq_sigmund, uniq_terence
D:3:      layout_basic, first_ration, lemuel_old_faithful, uniq_grinder,
          uniq_crazy_yiuf_cottage

Skill      XL: |  1 |
---------------+----+-----
Spellcasting   | 5 |  5.8
Dodging        | |  2.8
Stealth        | |  2.4
Conjurations   | |  1.9
Summonings     | |  1.1
Translocations | |  1.5
Air Magic      | |  0.2
Poison Magic   | |  0.1

Action                   || total
-------------------------++-------
Melee: Short sword       ||    23
Throw: Javelin           ||     5
 Cast: Magic Dart        ||    71
       Mephitic Cloud    ||     3
  Use: Scroll            ||     2
       Potion            ||     1
 Stab: Sleeping          ||     5
       Confused          ||     3
  Eat: Chunk             ||     2
Armor: Robe              ||     7
Dodge: Dodged            ||    33

Table legend:
 A = Non-vault XP
 B = Vault XP
 C = Vault XP percentage of total XP
 D = Non-vault monster count
 E = Vault monster count
 F = Vault count percentage of total count
                 A         B        C        D         E       F
            +---------+---------+-------+---------+---------+-------
      Total |      86 |       0 |   0.0 |      30 |       0 |   0.0
            +---------+---------+-------+---------+---------+-------
        D:1 |      45 |       0 |   0.0 |      20 |       0 |   0.0
        D:2 |      41 |       0 |   0.0 |      10 |       0 |   0.0
            +---------+---------+-------+---------+---------+-------
